 Dungeon Crawl Stone Soup version 0.22.0-60-ga52c2fcf6e (webtiles) character file.

67 ColeusSanctus the Charmwright (level 4, 35/35 HPs)
             Began as a Demonspawn Skald on Sept 9, 2018.
             Quit the game on level 2 of the Dungeon.
             The game lasted 00:02:20 (1567 turns).

ColeusSanctus the Charmwright (Demonspawn Skald)    Turns: 1567, Time: 00:02:20

Health: 35/35      AC:  3    Str: 12    XL:     4   Next: 0%
Magic:  7/7        EV: 12    Int: 14    God:
Gold:   125        SH:  4    Dex: 13    Spells: 6/7 levels left

rFire    . . .     SeeInvis .   a - +0 hand axe
rCold    . . .     Gourm    .   (no shield)
rNeg     . . .     Faith    .   b - +0 leather armour
rPois    .         Spirit   .   (no helmet)
rElec    .         Reflect  .   (no cloak)
rCorr    .         Harm     .   (no gloves)
MR       .....                  (no boots)
Stlth    ++........             (no amulet)
HPRegen  0.11/turn              (no ring)
MPRegen  0.10/turn              (no ring)

@: no status effects
A: large bone plates 1, nightstalker 1, spiny 1
a: no special abilities


You were on level 2 of the Dungeon.
You were not hungry.

You visited 1 branch of the dungeon, and saw 2 of its levels.

You collected 125 gold pieces.

Inventory:

Hand Weapons
 a - a +0 hand axe (weapon)
Armour
 b - a +0 leather armour (worn)
 e - a +0 chain mail
 n - a +0 scale mail
Jewellery
 p - an uncursed amulet of regeneration {unknown}
Scrolls
 c - a scroll of teleportation {unknown}
 f - a scroll of amnesia {unknown}
 g - 3 scrolls of remove curse {unknown}
 h - 2 scrolls of identify {unknown}
 i - a scroll of blinking {unknown}
 l - a scroll of fog {unknown}
Potions
 j - a potion of degeneration {unknown}
 k - 2 potions of heal wounds {unknown}
 m - 2 potions of curing {unknown}
 o - 2 potions of agility {unknown}
 q - a potion of resistance {unknown}
 r - a potion of might {unknown}
Comestibles
 d - 8 rations


   Skills:
 * Level 3.0 Fighting
 - Level 1.7 Axes
 * Level 1.8 Armour
 - Level 1.7 Dodging
 + Level 2.4 Spellcasting
 + Level 3.1 Charms


You had 6 spell levels left.
You knew the following spells:

 Your Spells              Type           Power        Failure   Level  Hunger
a - Infusion              Chrm           ##..         8%          1    #......

Your spell library contained the following spells:

 Spells                   Type           Power        Failure   Level  Hunger
 Song of Slaying          Chrm           ##......     12%         2    ###....
 Shroud of Golubria       Chrm/Tloc      #.........   22%         2    ###....
 Regeneration             Chrm/Necr      #.........   41%         3    ###....
 Spectral Weapon          Hex/Chrm       #.......     41%         3    ###....


Dungeon Overview and Level Annotations

Branches:
Dungeon (2/15)

Altars:


Innate Abilities, Weirdness & Mutations

You are partially covered in large bone plates. (SH +4)
You are slightly more attuned to the shadows.
You are partially covered in sharp spines.


Message History

The kobold throws a stone.
The stone hits you but does no damage.
You see here a stone.
The kobold throws a stone.
The stone hits you.
You see here a stone.
A dart slug comes into view.
You closely miss the kobold. The kobold is struck by your spines.
You kill the kobold!
You hit the dart slug.
The dart slug is moderately wounded.
You hit the dart slug.
The dart slug is heavily wounded.
The dart slug barely misses you.
You hit the dart slug.
The dart slug is almost dead.
The dart slug is struck by your spines.
You kill the dart slug!
You have reached level 4!
You feel agile.
Your demonic ancestry asserts itself...
You slip into the darkness of the dungeon.
Are you sure you want to abandon this character and quit the game? (Confirm

### ###
######.###.#
...........#
##########.#######
#..#...........(.#
#..#.#####.#####(#
#..#.#.......# #(#
#..#.#.###.#.# #(#
...#.#.....#.# #@#
##.#.#######.# #)#
...#.........# #..
##############
#### ...... ......
...... ####.# .


There were no monsters in sight!

Vanquished Creatures
  3 gnolls (D:2)
  2 dart slugs (D:2)
  A leopard gecko (D:1)
  2 bats (D:1)
  A giant cockroach (D:1)
  7 goblins
  5 hobgoblins
  3 kobolds
  A quokka (D:2)
  4 frilled lizards
  2 rats
31 creatures vanquished.

Notes
Turn   | Place    | Note
-------+----------+-------------------------------------------
     0 | D:1      | ColeusSanctus the Demonspawn Skald began the quest for the
                  | Orb.
     0 | D:1      | Reached XP level 1. HP: 16/16 MP: 3/3
   149 | D:1      | Gained mutation: You are partially covered in sharp spines.
                  | [demonic ancestry]
   149 | D:1      | Reached XP level 2. HP: 23/23 MP: 5/5
   380 | D:1      | Reached skill level 1 in Armour
   927 | D:2      | Gained mutation: You are partially covered in large bone
                  | plates. (SH +4) [demonic ancestry]
   927 | D:2      | Reached XP level 3. HP: 23/28 MP: 6/6
  1566 | D:2      | Gained mutation: You are slightly more attuned to the
                  | shadows. [demonic ancestry]
  1566 | D:2      | Reached XP level 4. HP: 35/35 MP: 7/7
  1567 | D:2      | Quit the game

Skill      XL: |  1  2  3 |
---------------+----------+-----
Armour         | 1 |  1.8
Charms         | 3 |  3.1
Fighting       | 3 |  3.0
Axes           | |  1.7
Dodging        | |  1.7
Spellcasting   | |  2.4

Action                   |  1- 3 |  4- 6 || total
-------------------------+-------+-------++-------
Melee: Hand axe          |    59 |       ||    59
 Cast: Infusion          |     2 |       ||     2
  Eat: Chunk             |     2 |       ||     2
Armor: Leather armour    |    18 |       ||    18
Dodge: Dodged            |    26 |       ||    26
Block: Other             |     3 |       ||     3
